 Dungeon Crawl Stone Soup version 0.27-a0-1188-g73eefd5def (webtiles) character file.

Game seed: 1256162933509160817

8 Froggeryz the Chopper (level 2, -5/39 HPs)
             Began as a Draconian Berserker on May 22, 2021.
             Was a Follower of Trog.
             Slain by a gnoll
             ... wielding a +0 club
              (6 damage)
             ... on level 1 of the Dungeon.
             The game lasted 00:00:10 (75 turns).

Froggeryz the Chopper (Draconian Berserker)           Turns: 75, Time: 00:00:11

Health: -5/39      AC:  4    Str: 19    XL:     2   Next: 0%
Magic:  2/2        EV: 12    Int:  7    God:    Trog [*.....]
Gold:   0          SH:  0    Dex: 10    Spells: 1/1 levels left

rFire    . . .     SeeInvis .   a - +0 hand axe
rCold    . . .     Faith    .   (no shield)
rNeg     . . .     Spirit   .   (armour unavailable)
rPois    .         Reflect  .   (helmet restricted)
rElec    .         Harm     .   (no cloak)
rCorr    .         Rampage  .   (no gloves)
Will     .....                  (no boots)
Stlth    ..........             (no amulet)
HPRegen  0.13/turn              (no ring)
MPRegen  0.08/turn              (no ring)

@: berserking, very quick
A: AC +4, unfitting armour, cold-blooded
a: Renounce Religion, Berserk


You were on level 1 of the Dungeon.
You worshipped Trog.
Trog was aware of your devotion.
You visited 1 branch of the dungeon, and saw 1 of its levels.

Inventory:

Hand Weapons
 a - a +0 hand axe (weapon)
Potions
 b - a potion of lignification {unknown}
 c - 2 potions of curing {unknown}


   Skills:
 - Level 3.2 Fighting
 * Level 3.5 Axes
 - Level 2.6 Dodging


You had one spell level left.
You didn't know any spells.
Your spell library was empty.

Dungeon Overview and Level Annotations

Branches:
Dungeon (1/15)

Altars:


Innate Abilities, Weirdness & Mutations

Your plain brown scales are hard. (AC +4)
You cannot fit into any form of body armour.
You are cold-blooded and may be slowed by cold attacks.


Message History

A hobgoblin comes into view.
The gnoll misses you.
You closely miss the gnoll. The gnoll completely misses you.
You barely miss the gnoll. The gnoll barely misses you.
You completely miss the gnoll. The gnoll hits you with a +0 club. x2
You barely miss the gnoll. The gnoll barely misses you.
The hobgoblin hits you but does no damage.
You slash the gnoll!
The gnoll is severely wounded.
You hit the hobgoblin. The gnoll hits you with a +0 club.
The hobgoblin closely misses you.
You are too injured to fight recklessly!
You are too injured to fight recklessly!
You are too injured to fight recklessly!
You are too injured to fight recklessly!
You are too injured to fight recklessly!
You are too injured to fight recklessly!
You are too injured to fight recklessly!
You are too injured to fight recklessly!
A red film seems to cover your vision as you go berserk!
You feel yourself moving faster!
You feel mighty! The gnoll hits you with a +0 club.
The hobgoblin closely misses you.
You barely miss the gnoll.
The gnoll is severely wounded.
You hit the hobgoblin.
You kill the hobgoblin!
Trog accepts your kill.
You have reached level 2!
You hit the gnoll.
The gnoll is almost dead.
The gnoll hits you with a +0 club.
* * * LOW HITPOINT WARNING * * *
You closely miss the gnoll.
The gnoll is almost dead.
The gnoll hits you with a +0 club!
* * * LOW HITPOINT WARNING * * *
You barely miss the gnoll.
The gnoll is almost dead.
The gnoll hits you with a +0 club.
You die...

+. . #. .# ..
#.#..# ... #.
..### ....##. ....
.......##.##
......†....#####
#g@........
#.#.#..###
##.._...#
#..#.#.##
##.#(.....#
..........#
###...##..######.
......+..........
.##...##..######.#


You could see a gnoll.

Vanquished Creatures
  3 ball pythons (D:1)
  A hobgoblin (D:1)
  2 jackals (D:1)
  A bat (D:1)
7 creatures vanquished.

Notes
Turn   | Place    | Note
-------+----------+-------------------------------------------
     0 | D:1      | Froggeryz the Draconian Berserker began the quest for the
                  | Orb.
     0 | D:1      | Reached XP level 1. HP: 19/19 MP: 1/1
    45 | D:1      | Found a faded altar of an unknown god.
    73 | D:1      | Reached XP level 2. HP: 13/26 MP: 2/2
    74 | D:1      | HP: 1/39 [gnoll/+0 club (7)]
    75 | D:1      | Slain by a gnoll

Illustrated notes

Levels and vault maps discovered:
D:1:      dpeg_arrival_houses_and_road, layout_basic,
          chequers_ecumenical_altar_simple, minmay_tetromino_s2

Action                   || total
-------------------------++-------
Melee: Hand axe          ||    22
       Tailslap          ||     1
Invok: Berserk           ||     1
Armor: Skin              ||     7
Dodge: Dodged            ||    23

Table legend: (Time is in decaauts)
 A = Elapsed time spent in this place.
 B = Non-inter-level travel time spent in this place.
 C = Inter-level travel time spent in this place.
 D = Time resting spent in this place.
 E = Time spent auto-exploring this place.
 F = Levels seen in this place.
 G = Mean time per level.
                   A        B        C        D        E       F      G
               +--------+--------+--------+--------+--------+-----+--------+
         Total |     76 |     76 |      0 |      0 |     39 |   1 |   76.0 |
       Dungeon |     76 |     76 |      0 |      0 |     39 |   1 |   76.0 |
               +--------+--------+--------+--------+--------+-----+--------+

Top non-repeatable levels by time:
     D:1: 76 daAuts
